 Dungeon Crawl Stone Soup version 0.29-a0-96-g93358da72b (webtiles) character file.

Game seed: 49373258850928515

276963 avis the Sensei (level 20, -4/147 HPs)
             Began as an Octopode Transmuter on Feb 4, 2022.
             Was an Initiate of Gozag.
             Slain by a searing wretch (33 damage)
             ... on level 1 of the Depths on Feb 12, 2022.
             The game lasted 08:31:22 (65612 turns).

avis the Sensei (Octopode Transmuter)              Turns: 65612, Time: 08:31:33

Health: -4/147     AC: 16    Str: 15    XL:     20   Next: 38%
Magic:  43/52      EV: 28    Int: 26    God:    Gozag
Gold:   3066       SH:  0    Dex: 19    Spells: 7/39 levels left

rFire   . . .      SeeInvis +     - Unarmed
rCold   + . .      Faith    .   (shield currently unavailable)
rNeg    . . .      Spirit   .   (helmet currently unavailable)
rPois   ∞          Reflect  .   W - amulet of magic regeneration
rElec   +          Harm     .   d - ring of wizardry
rCorr   .          Rampage  .   c - +6 ring of intelligence
Will    ++...                   H - +4 ring of evasion
Stlth   +++++.....              J - ring of willpower
HPRegen 0.34/turn               X - ring "Ciobb" {*Corrode rC+ MP+9 Int+4 Dex+4}
MPRegen 0.73/turn               r - ring of magical power
                                U - ring of poison resistance
                                V - ring of see invisible

@: storm-form, gold aura, flying, studying Short Blades
A: cleaving, flying, almost no armour, amphibious, 8 rings, (camouflage 1),
(gelatinous body 1), (nimble swimmer 1), (tentacles)
}: 2/15 runes: decaying, gossamer
a: Blinkbolt, End Transformation, Renounce Religion, Potion Petition, Call
Merchant, Bribe Branch


You were on level 1 of the Depths.
You worshipped Gozag.
Gozag was most pleased with you.
You were a lightning-filled tempest!
You visited 9 branches of the dungeon, and saw 35 of its levels.
You visited 1 bazaar.
You also visited: Ice Cave.

You collected 14856 gold pieces.
You spent 5985 gold pieces at shops.
You paid 5805 gold pieces to Gozag.

Inventory:

Hand Weapons
 a - the +11 long sword of the Lesser Evil (melded) {vorpal, Str+5}
   (You took it off a deep elf zephyrmancer on level 1 of the Elven Halls)

   It inflicts extra damage upon your enemies.
   Str:       It affects your strength (+5).
 v - the +7 lajatang of Plague {spect, rCorr Dex+4}
   (You found it on level 1 of the Depths)

   When its wielder attacks, the weapon's spirit leaps out and strikes again.
   The spirit shares a part of any damage it takes with its wielder.
   Dex:       It affects your dexterity (+4).
   rCorr:     It protects you from acid and corrosion.
Armour
 h - a +2 buckler of cold resistance
 K - a +2 hat (melded)
Jewellery
 c - a +6 ring of intelligence (right fist)
 d - a ring of wizardry (left fist)
 r - a ring of magical power (on tentacle)
 H - a +4 ring of evasion (on tentacle)
 J - a ring of willpower (on tentacle)
 U - a ring of poison resistance (on tentacle)
 V - a ring of see invisible (on tentacle)
 W - an amulet of magic regeneration (around neck)
 X - the ring "Ciobb" (on tentacle) {*Corrode rC+ MP+9 Int+4 Dex+4}
   (You bought it in a shop on level 2 of the Orcish Mines)

   [ring of magical power]

   Int:       It affects your intelligence (+4).
   Dex:       It affects your dexterity (+4).
   rC:        It protects you from cold.
   MP:        It affects your magic capacity (+9).
   *Corrode:  It may corrode you when you take damage.
Wands
 b - a wand of polymorph (5)
 e - a wand of mindburst (34)
 i - a wand of paralysis (9)
 j - a wand of charming (5)
 p - a wand of flame (55)
 G - a wand of iceblast (13)
Scrolls
 l - a scroll of amnesia
 m - 6 scrolls of blinking
 n - 11 scrolls of teleportation
 q - 2 scrolls of summoning
 u - 2 scrolls of holy word
 y - 10 scrolls of fear
 z - 13 scrolls of fog
 B - a scroll of magic mapping
Potions
 f - 6 potions of brilliance
 k - 19 potions of curing
 o - a potion of mutation
 s - 3 potions of invisibility
 t - 6 potions of heal wounds
 D - 3 potions of might
 E - 11 potions of ambrosia
 L - a potion of cancellation
 M - 7 potions of haste
 P - a potion of magic
 S - 2 potions of berserk rage
Miscellaneous
 g - a piece from Xom's chessboard (15/15)
 I - a condenser vane
 Y - a phial of floods


   Skills:
 - Level 16.0 Fighting
 - Level 10.0 Dodging
 - Level 10.0 Stealth
 - Level 22.0 Unarmed Combat
 - Level 10.0 Spellcasting
 - Level 12.0 Translocations
 - Level 10.0 Transmutations
 - Level 4.0 Ice Magic
 * Level 14.6 Air Magic
 - Level 2.0 Poison Magic
 - Level 5.0 Evocations


You had 7 spell levels left.
You knew the following spells:

 Your Spells              Type           Power      Damage    Failure   Level
a - Apportation           Tloc           100%       N/A       1%          1
b - Blink                 Tloc           100%       N/A       1%          2
e - Wereblood             Tmut           60%        N/A       1%          2
o - Teleport Other        Tloc           66%        N/A       1%          3
p - Spider Form           Tmut/Pois      44%        N/A       1%          3
q - Ice Form              Ice/Tmut       49%        N/A       1%          4
B - Blade Hands           Tmut           30%        N/A       1%          5
M - Manifold Assault      Tloc           66%        N/A       1%          5
S - Storm Form            Tmut/Air       33%        N/A       10%         7

Your spell library contained the following spells:

 Spells                   Type           Power      Damage    Failure   Level
 Animate Skeleton         Necr           26%        N/A       1%          1
 Beastly Appendage        Tmut           100%       N/A       1%          1
 Magic Dart               Conj           52%        1d5       1%          1
 Pain                     Necr           52%        1d6       1%          1
 Slow                     Hex            52%        N/A       1%          1
 Summon Small Mammal      Summ           52%        N/A       1%          1
 Gell's Gravitas          Tloc           66%        N/A       1%          3
 Lesser Beckoning         Tloc           66%        N/A       1%          3
 Mephitic Cloud           Conj/Pois/Air  41%        N/A       1%          3
 Portal Projectile        Hex/Tloc       88%        N/A       1%          3
 Summon Lightning Spire   Summ/Air       50%        N/A       1%          4
 Call Imp                 Summ           13%        N/A       2%          2
 Searing Ray              Conj           26%        2d5       2%          2
 Call Canine Familiar     Summ           13%        N/A       6%          3
 Confusing Touch          Hex            13%        N/A       6%          3
 Vampiric Draining        Necr           13%        2d6       6%          3
 Fulminant Prism          Conj/Hex       6%         3d7       17%         4
 Leda's Liquefaction      Hex/Erth       6%         N/A       17%         4
 Excruciating Wounds      Necr           6%         N/A       43%         5
 Iskenderun's Battlesphe  Conj           13%        2d7       43%         5
 Malign Gateway           Summ/Tloc      22%        N/A       75%         7
 Iron Shot                Conj/Erth      6%         9d2       93%         6
 Spellforged Servitor     Conj/Summ      6%         N/A       100%        7
 Summon Hydra             Summ           6%         N/A       100%        7
 Maxwell's Capacitive Co  Air            36%        ∞         28%         8
 Dragon's Call            Summ           6%         N/A       100%        9


Dungeon Overview and Level Annotations

Branches:
Dungeon (15/15)            Temple (1/1) D:4            Lair (6/6) D:10
  Swamp (4/4) Lair:3       Spider (4/4) Lair:2        Slime (0/5) Lair:6
    Orc (2/2) D:12            Elf (1/3) Orc:2        Vaults (0/5) D:14
 Depths (1/4) D:15           Hell (visited)           IceCv (visited)
    Dis: Hell:1         Geh: Hell:1         Coc: Hell:1         Tar: Hell:1

Altars:
Ashenzari
Cheibriados
Dithmenos
Elyvilon
Fedhas
Gozag
Hepliaklqana
Kikubaaqudgha
Makhleb
Nemelex Xobeh
Okawaru
Qazlal
Ru
Sif Muna
Trog
Uskayaw
Vehumet
Wu Jian
Xom
Yredelemnul
Zin
The Shining One
Beogh

Shops:
D:13 :   D:15 [**   Orc:1 [   Orc:2 =([*

Portals:
Hell: Depths:1
Trove: Elf:1 (give 15 scrolls of teleportation)

Annotations:
Hell Geryon


Innate Abilities, Weirdness & Mutations

You are a lightning-filled tempest!
Your electrical attacks strike out in all directions at once.
You are incredibly evasive.
You are flying.
You are immune to poison.
Your armour is entirely melded.
You are incapable of wielding weapons or throwing items.
You cannot wear most types of armour.
You are amphibious.
You can wear up to eight rings at the same time.
((Your skin changes colour to match your surroundings (Stealth+).))
((Your rubbery body absorbs attacks. (AC +1, EV +1)))
((You are camouflaged when in or above water. (Stealth+)))
((You have tentacles for arms and can constrict up to eight enemies at once.))


Message History

Lightning courses through the soul eater!
You hit the soul eater but do no damage.
A centaur warrior skeleton comes into view.
The reaper hits you from afar with a +3 scythe of venom!!
The searing wretch claws you!!
You are engulfed in flames!
You resist.
* * * LOW HITPOINT WARNING * * *
The searing wretch claws you.
* * * LOW HITPOINT WARNING * * *
The searing wretch misses you. The soul eater barely misses you.
The reaper hits you from afar with a +3 scythe of venom.
* * * LOW HITPOINT WARNING * * *
The searing wretch completely misses you.
The searing wretch claws you!!
* * * LOW HITPOINT WARNING * * *
The searing wretch bites you.
* * * LOW HITPOINT WARNING * * *
Thank you for visiting Hell.
Please come again soon.
You fly up through the gate.
Welcome back to the Depths!
There is a gateway to Hell here.
You feel much better. The soul eater barely misses you.
You hit the soul eater but do no damage.
The soul eater is moderately wounded.
Your resistance to elements expires.
The soul eater misses you.
You completely miss the soul eater. You punch the soul eater.
The soul eater is moderately wounded.
You blast the soul eater!!!
You kill the soul eater!
Casting: Manifold Assault (mildly dangerous; 1% risk of failure)
Confirm with . or Enter, or press ? or * to list all spells.
Space momentarily warps into an impossible shape!
You blast the searing wretch!!!
You blast the searing wretch!!!
The searing wretch is almost destroyed.
The searing wretch claws you!
* * * LOW HITPOINT WARNING * * *
You are engulfed in flames!!
You die...
Your body crumbles into a pile of gold.

#.#####.#####.^......#
#(#..##'###.........##
#.##'#...####.......#
#..#.....'..'......##
#.##'#...####.....###
#.#..##'## #........#
#.####...###.......##
#..##.###.##........#
#..##.#v#.##......###
#...#.#n#.#.......###
#...##...##.........#
#....#####.......####
#.....).....^....##.#
#######.....#.....#.#
##.#..#.......#
#.##........###
###.........#


You could see a searing wretch.

Vanquished Creatures
  Bai Suzhen (Swamp:3)
  Jorgrun (D:13)
  A searing wretch (Hell)
  Agnes (D:14)
  2 thorn hunters
  Kirke (Spider:2)
  An azure jelly (Swamp:4)
  A fenstrider witch (Swamp:4)
  A deep elf sorcerer (Elf:1)
  Louise (Swamp:4)
  3 emperor scorpions
  3 frost giants
  The ghost of Jiziv the Fighter, a journeyman DjCj of Makhleb (D:13)
  3 ghost moths
  3 ghouls (Swamp:3)
  An orc warlord (Orc:1)
  2 juggernaut zombies (Depths:1)
  2 stone giants (Depths:1)
  5 very ugly things (Depths:1)
  4 broodmothers
  A reaper (Hell)
  An elemental wellspring (Hell)
  A deep elf demonologist (Elf:1)
  2 eleionomae
  A deep elf annihilator (Elf:1)
  3 spectral titans (Depths:1)
  A white draconian (IceCv)
  Azrael (Spider:2)
  9 entropy weavers
  5 bunyips
  3 spark wasps
  A blizzard demon (Hell)
  2 fire dragons (Depths:1)
  Josephine (Swamp:1)
  2 ettins
  The ghost of BigDaddyOpFi the Cleaver, a journeyman HOMo of Beogh (Depths:1)
  A great orb of eyes (Depths:1)
  15 hydras
  4 vault guards (D:14)
  4 jorogumos
  A rakshasa (D:11)
  4 radroaches
  5 boulder beetles
  5 catoblepae
  6 ironbound frosthearts (IceCv)
  12 ice dragons
  A juggernaut simulacrum (Depths:1)
  9 centaur warriors
  A spriggan air mage (Swamp:4)
  Erica (D:9)
  A ghost crab (Swamp:1)
  4 two-headed ogres
  2 spectral stone giants (Depths:1)
  2 deep troll shamans (Depths:1)
  7 death scarabs (Spider:4)
  11 death yaks
  Urug (Lair:5)
  9 alligators
  2 orc high priests (Orc:2)
  A titan zombie (Depths:1)
  3 spriggan berserkers (D:14)
  5 deep elf knights
  Sonja (D:10)
  A soul eater (Depths:1)
  2 sun demons (Hell)
  4 hell knights (Depths:1)
  An iron troll (Depths:1)
  5 pharaoh ants
  4 skeletal warriors
  2 goliath frogs
  A fire crab (shapeshifter) (D:14)
  A sun moth (Spider:2)
  2 deep trolls (Depths:1)
  8 orb spiders
  2 orange crystal statues
  2 wizards
  3 spriggan druids
  8 steelbarb worms
  3 bog bodies
  3 swamp dragons
  4 deep elf archers (Elf:1)
  A lindwurm (Lair:6)
  16 deep elf pyromancers
  17 deep elf zephyrmancers (Elf:1)
  20 wolf spiders
  A spectral wolf spider (Spider:4)
  2 wolf spider zombies (Spider:4)
  A stone giant zombie (Depths:1)
  2 will-o-the-wisps
  A broodmother zombie (Spider:4)
  6 necromancers
  4 orc knights
  5 cyclopes
  24 ugly things
  6 orc sorcerers
  5 moths of wrath
  8 manticores
  5 elephants (Lair:2)
  An orc zombie (Hell)
  2 ice statues (D:15)
  A naga mage (D:15)
  4 black mambas
  A titan simulacrum (Depths:1)
  3 gargoyles
  An unseen horror (D:11)
  6 demonic crawlers
  4 torpor snails
  4 spectral redbacks (Spider:4)
  13 cane toads
  3 kobold demonologists
  An alligator snapping turtle skeleton (Hell)
  8 komodo dragons
  14 rime drakes
  4 freezing wraiths (Swamp:4)
  A komodo dragon (shapeshifter) (D:14)
  3 tengu conjurers
  A queen bee (Lair:1)
  12 meliai
  8 trolls
  A tarantella (shapeshifter) (D:15)
  4 hornets
  8 tyrant leeches
  11 polar bears
  2 bloated husks (Swamp:1)
  3 spectral culicivoras (Spider:4)
  32 tarantellas
  2 spectral tarantellas (Spider:4)
  10 blink frogs (Lair:3)
  17 dream sheep
  An ice dragon zombie (Hell)
  A meliai zombie (D:11)
  14 slime creatures
  2 tarantella zombies (Spider:4)
  A culicivora zombie (Spider:4)
  Sigmund (D:2)
  32 jumping spiders
  A shadow (D:7)
  2 stone giant simulacra (Depths:1)
  22 culicivoras
  93 yaks
  A centaur simulacrum (D:14)
  3 spriggans
  3 fire elementals (Spider:2)
  A dire elephant simulacrum (Hell)
  6 wraiths
  6 hogs (Spider:2)
  A human (D:14)
  53 redbacks
  4 swamp worm simulacra (Swamp:4)
  3 vampire mosquitoes (D:12)
  A steam dragon (Lair:3)
  8 basilisks
  14 swamp worms
  Edmund (D:5)
  2 wargs
  Menkaure (D:6)
  13 water moccasins
  An acid dragon (D:7)
  A hell hound (Spider:2)
  13 hydra simulacra (Swamp:4)
  2 sky beasts
  21 orc warriors
  A black bear (D:5)
  4 necrophages
  16 wolves
  4 ogres
  17 centaurs
  A phantom (D:6)
  5 kobold brigands
  11 bullfrogs
  A scorpion (D:6)
  A wyvern skeleton (D:7)
  30 killer bees
  3 water moccasin skeletons
  5 wights (D:10)
  8 howler monkeys
  4 electric eels
  2 bullfrog zombies
  9 centaur zombies
  2 hounds
  A gnoll shaman (D:7)
  15 orc priests
  4 centaur skeletons
  6 jellies
  2 bullfrog skeletons
  An iguana (D:5)
  15 orc wizards
  A scorpion zombie (D:5)
  A hound zombie (D:5)
  Robin (D:3)
  3 gnolls (D:4)
  A howler monkey skeleton (D:7)
  10 adders
  A shadow imp (D:3)
  2 white imps
  4 swamp drake simulacra (Swamp:4)
  2 ufetubi (D:4)
  2 dart slugs (D:1)
  33 orcs
  5 endoplasms
  9 giant cockroaches
  14 goblins
  13 hobgoblins
  6 jackals
  7 quokkas
  3 ball pythons
  3 bats
  2 frilled lizards (D:1)
  24 kobolds
  8 rats
1208 creatures vanquished.

Vanquished Creatures (others)
  A hydra (Swamp:4)
  3 dancing weapons (Elf:1)
  A deep elf pyromancer (Elf:1)
  2 foxfires (Swamp:1)
  55 fungi
  78 plants
140 creatures vanquished.

Grand Total: 1348 creatures vanquished

Notes
Turn   | Place    | Note
-------+----------+-------------------------------------------
     0 | D:1      | avis the Octopode Transmuter began the quest for the Orb.
     0 | D:1      | Reached XP level 1. HP: 13/13 MP: 3/3
    18 | D:1      | Reached skill level 1 in Stealth
    39 | D:1      | Found a faded altar of an unknown god.
    72 | D:1      | Reached XP level 2. HP: 12/19 MP: 3/5
   687 | D:1      | Reached XP level 3. HP: 25/25 MP: 4/6
   822 | D:1      | Learned a level 3 spell: Spider Form
   824 | D:2      | Found a shimmering altar of Xom.
   824 | D:2      | You fall into a shaft and drop 1 floor!
   854 | D:2      | Noticed Sigmund
   923 | D:1      | Reached skill level 1 in Poison Magic
  1297 | D:2      | Reached XP level 4. HP: 31/31 MP: 5/7
  1825 | D:2      | Killed Sigmund
  1826 | D:2      | Reached skill level 4 in Unarmed Combat
  1826 | D:2      | Reached skill level 5 in Unarmed Combat
  1826 | D:2      | Reached XP level 5. HP: 36/36 MP: 6/8
  1826 | D:2      | Reached XP level 6. HP: 42/42 MP: 6/9
  2813 | D:3      | Noticed Robin
  2991 | D:3      | Killed Robin
  3420 | D:4      | Got the Incunabulum of Earthen Summoning
  3426 | D:4      | Learned a level 4 spell: Ice Form
  3429 | D:4      | Learned a level 2 spell: Wereblood
  3728 | D:4      | Reached XP level 7. HP: 45/46 MP: 7/11
  3800 | D:4      | Found a staircase to the Ecumenical Temple.
  3817 | Temple   | Entered the Ecumenical Temple
  3969 | Temple   | Became a worshipper of Gozag Ym Sagoz the Greedy
  4330 | D:5      | Entered Level 5 of the Dungeon
  4638 | D:5      | Noticed Edmund
  4649 | D:5      | Killed Edmund
  4650 | D:5      | Reached skill level 6 in Unarmed Combat
  4741 | D:5      | Reached skill level 1 in Ice Magic
  4930 | D:5      | Reached XP level 8. HP: 40/54 MP: 6/12
  5673 | D:5      | Upgraded the game from 0.29-a0-72-g1732ff48e7 to
                  | 0.29-a0-82-g837932c90e
  6240 | D:5      | Reached skill level 7 in Unarmed Combat
  6679 | D:6      | Reached skill level 5 in Fighting
  6703 | D:6      | Noticed Menkaure
  6720 | D:6      | Killed Menkaure
  6757 | D:6      | Reached XP level 9. HP: 42/61 MP: 12/15
  7851 | D:7      | Reached skill level 8 in Unarmed Combat
  8138 | D:7      | Reached skill level 5 in Transmutations
  8430 | D:7      | Noticed a six-headed hydra
  8478 | D:7      | Noticed a troll
  8483 | D:7      | Noticed a red ugly thing
  8484 | D:7      | Killed a troll
  8485 | D:7      | Reached skill level 9 in Unarmed Combat
  8485 | D:7      | Killed a six-headed hydra
  8486 | D:7      | Reached skill level 5 in Spellcasting
  8486 | D:7      | Reached XP level 10. HP: 68/68 MP: 14/17
  8486 | D:7      | Noticed a red ugly thing
  8489 | D:7      | Noticed a kobold demonologist
  8491 | D:7      | Killed a red ugly thing
  8492 | D:7      | Reached skill level 5 in Dodging
  8813 | D:7      | Noticed a manticore
  8827 | D:7      | Killed a manticore
  9328 | D:7      | Identified the +8 short sword of a Million Artisans {flame,
                  | rN+ Int+3}
  9329 | D:7      | Noticed an orange demon
  9339 | D:7      | Killed a red ugly thing
  9340 | D:7      | Reached skill level 10 in Unarmed Combat
  9344 | D:7      | Killed a kobold demonologist
  9526 | D:7      | Identified the +4 ring mail of Limited Liability {rElec rC-
                  | Int+4}
  9533 | D:7      | Identified the +1 scale mail "Ybago" {Will- Int+4 Dex+2}
 10399 | D:7      | Learned a level 2 spell: Blink
 10766 | D:8      | Reached XP level 11. HP: 77/77 MP: 14/18
 10874 | D:8      | Reached skill level 11 in Unarmed Combat
 10951 | D:8      | Found an ornate altar of the Wu Jian Council.
 10952 | D:8      | Noticed a two-headed ogre
 10959 | D:8      | Killed a two-headed ogre
 10960 | D:8      | Reached skill level 5 in Stealth
 12240 | D:9      | Noticed a two-headed ogre
 12256 | D:9      | Killed a two-headed ogre
 12257 | D:9      | Reached skill level 12 in Unarmed Combat
 12569 | D:9      | Noticed a boulder beetle
 12593 | D:9      | Killed a boulder beetle
 12886 | D:9      | Noticed Erica
 13146 | D:9      | Killed Erica
 13179 | D:9      | Noticed a manticore
 13221 | D:9      | Killed a manticore
 13420 | D:9      | Found a glowing silver altar of Zin.
 13584 | D:9      | Upgraded the game from 0.29-a0-82-g837932c90e to
                  | 0.29-a0-88-g03a7b78be7
 13603 | D:10     | Entered Level 10 of the Dungeon
 13651 | D:10     | Noticed a deep elf pyromancer
 13978 | D:10     | Reached skill level 13 in Unarmed Combat
 14021 | D:10     | Noticed a death yak
 14023 | D:10     | Found a staircase to the Lair.
 14024 | D:10     | Noticed a death yak
 14025 | D:10     | Noticed a death yak
 14041 | D:10     | Killed a death yak
 14231 | D:10     | Found a shimmering altar of Xom.
 14231 | D:10     | Found an ancient bone altar of Kikubaaqudgha.
 14231 | D:10     | Found a basalt altar of Yredelemnul.
 14232 | D:10     | Found a hazy altar of Hepliaklqana.
 14277 | D:10     | Learned a level 5 spell: Manifold Assault
 14355 | D:10     | Reached XP level 12. HP: 87/87 MP: 17/19
 14848 | D:10     | Noticed Sonja
 14854 | D:10     | Killed Sonja
 14855 | D:10     | Reached skill level 10 in Fighting
 15573 | D:10     | Killed a death yak
 15574 | D:10     | Reached skill level 5 in Translocations
 15586 | D:10     | Killed a death yak
 15917 | Lair:1   | Entered Level 1 of the Lair of Beasts
 16047 | Lair:1   | Found a white marble altar of Elyvilon.
 16220 | Lair:1   | You fall into a shaft and drop 1 floor!
 16499 | Lair:2   | Found a hole to the Spider Nest.
 16515 | Lair:2   | Reached skill level 14 in Unarmed Combat
 17185 | Lair:2   | Noticed a four-headed hydra
 17194 | Lair:2   | Killed a four-headed hydra
 17560 | Lair:2   | Reached XP level 13. HP: 92/92 MP: 20/20
 17639 | Lair:2   | Reached skill level 15 in Unarmed Combat
 20384 | Lair:3   | You fall into a shaft and drop 2 floors!
 20651 | Lair:5   | Noticed Urug
 20663 | Lair:5   | Killed Urug
 21154 | Lair:5   | Identified the +8 hand crossbow of Qiribrid {flame, Str+4}
 22622 | Lair:3   | Found a staircase to the Swamp.
 22940 | Lair:3   | Reached XP level 14. HP: 103/103 MP: 4/24
 23758 | Lair:1   | Upgraded the game from 0.29-a0-88-g03a7b78be7 to
                  | 0.29-a0-90-gc37658a0fe
 26668 | Lair:6   | Entered Level 6 of the Lair of Beasts
 26753 | Lair:6   | Reached skill level 16 in Unarmed Combat
 27839 | Lair:5   | Reached skill level 10 in Translocations
 28516 | Lair:6   | Found a staircase to the Slime Pits.
 30041 | Lair:6   | Reached skill level 17 in Unarmed Combat
 31555 | Lair:6   | Reached XP level 15. HP: 109/109 MP: 3/27
 33501 | D:11     | Reached skill level 1 in Evocations
 34021 | D:12     | Found a staircase to the Orcish Mines.
 35439 | Orc:1    | Entered Level 1 of the Orcish Mines
 35804 | Orc:1    | Found Hurchyhia's Armour Emporium.
 36191 | Orc:2    | Entered Level 2 of the Orcish Mines
 37142 | Orc:2    | Noticed an orc warlord
 37423 | Orc:1    | Killed an orc warlord
 38314 | Orc:2    | Found Wunamitu's Antique Armour Boutique.
 38330 | Orc:2    | Found Qiehoijoco's Jewellery Boutique.
 38340 | Orc:2    | Found Roteupli's Antique Weapon Boutique.
 38346 | Orc:2    | Found Ynubbobi's General Store.
 38604 | Orc:2    | Bought a potion of berserk rage for 75 gold pieces
 38604 | Orc:2    | Bought a scroll of immolation for 52 gold pieces
 38720 | Orc:2    | Found a staircase to the Elven Halls.
 38858 | Orc:2    | Bought a ring of poison resistance for 260 gold pieces
 38858 | Orc:2    | Bought a ring of see invisible for 195 gold pieces
 38860 | Orc:2    | Bought an amulet of magic regeneration for 390 gold pieces
 38865 | Orc:2    | Bought the ring "Ciobb" {*Corrode rC+ MP+9 Int+4 Dex+4} for
                  | 587 gold pieces
 39076 | D:13     | Found Rohed's Book Shoppe.
 39274 | D:13     | Reached skill level 5 in Evocations
 39694 | D:13     | Found a runed translucent door.
 39694 | D:13     | Noticed Jiziv's ghost (journeyman DjCj)
 39881 | D:13     | Found a glowing golden altar of the Shining One.
 39957 | D:13     | Reached skill level 10 in Stealth
 40530 | D:13     | Noticed Jorgrun
 40541 | D:13     | Killed Jorgrun
 41025 | Lair:1   | Upgraded the game from 0.29-a0-90-gc37658a0fe to
                  | 0.29-a0-92-gee772dd00f
 41745 | D:14     | Reached XP level 16. HP: 117/117 MP: 19/28
 42022 | D:14     | Found a gate to the Vaults.
 42220 | D:14     | Found a sacrificial altar of Ru.
 42413 | D:14     | Noticed Agnes
 42427 | D:14     | Killed Agnes
 43550 | D:14     | Found the +8 Wrath of Trog {antimagic, *Rage Rampage}
 43861 | D:15     | Entered Level 15 of the Dungeon
 43883 | D:15     | Found a frozen archway.
 43984 | IceCv    | Entered an ice cave
 44301 | IceCv    | Reached skill level 18 in Unarmed Combat
 44467 | IceCv    | HP: 3/140 [ironbound frostheart/creeping frost (33)]
 46031 | D:13     | Bought a book of Displacement for 384 gold pieces
 46035 | D:13     | Learned a level 3 spell: Teleport Other
 46170 | D:15     | Found Godoit's Armour Boutique.
 46480 | D:15     | Reached XP level 17. HP: 125/125 MP: 11/30
 46841 | D:15     | Found a staircase to the Depths.
 47274 | Spider:1 | Entered Level 1 of the Spider Nest
 47451 | Lair:2   | Reached skill level 19 in Unarmed Combat
 48548 | Spider:1 | Reached skill level 15 in Fighting
 49479 | Spider:1 | Found the +4 Cigotuvi's embrace {rMiasma Drain rN+}
 49563 | Spider:1 | Identified the +1 robe of the Forest {Rampage Int+3}
 49762 | Swamp:1  | Entered Level 1 of the Swamp
 49793 | Swamp:1  | Noticed Josephine
 49866 | Swamp:1  | Killed Josephine
 50993 | Swamp:1  | Upgraded the game from 0.29-a0-92-gee772dd00f to
                  | 0.29-a0-96-g93358da72b
 51760 | Spider:2 | Noticed Kirke
 51852 | Spider:2 | Killed Kirke
 51853 | Spider:2 | Reached skill level 20 in Unarmed Combat
 52357 | Spider:2 | Noticed Azrael
 52496 | Spider:2 | Reached skill level 10 in Spellcasting
 52506 | Spider:2 | Killed Azrael
 52507 | Spider:2 | Reached XP level 18. HP: 134/134 MP: 10/32
 54037 | Spider:3 | Reached skill level 21 in Unarmed Combat
 55293 | Swamp:2  | Learned a level 1 spell: Apportation
 55485 | Swamp:3  | Noticed Bai Suzhen
 55922 | Swamp:3  | Killed Bai Suzhen
 56154 | Swamp:4  | Entered Level 4 of the Swamp
 56595 | Swamp:4  | Identified the +8 quarterstaff "Killer Klown's Bane"
                  | {flame, rElec Str+4 Int-5 Dex+9}
 56812 | Swamp:4  | Noticed Louise
 56828 | Swamp:4  | Killed Louise
 57504 | Swamp:4  | Reached skill level 10 in Dodging
 57736 | Swamp:4  | Got a decaying rune of Zot
 58102 | Orc:2    | Bought a +6 ring of intelligence for 760 gold pieces
 58261 | Spider:4 | Entered Level 4 of the Spider Nest
 59010 | Spider:4 | Reached XP level 19. HP: 139/139 MP: 33/33
 60103 | Spider:4 | Reached skill level 22 in Unarmed Combat
 61034 | Spider:4 | Got a gossamer rune of Zot
 61432 | D:15     | Bought a potion of curing for 63 gold pieces
 61434 | D:15     | Bought a book of the Sky for 748 gold pieces
 61434 | D:15     | Bought a manual of Air Magic for 1360 gold pieces
 61445 | D:15     | Learned a level 7 spell: Storm Form
 61477 | Depths:1 | Entered Level 1 of the Depths
 61480 | Depths:1 | Reached skill level 1 in Air Magic
 61721 | Depths:1 | Found a runed translucent door.
 61728 | Depths:1 | Noticed BigDaddyOpFi's ghost (journeyman HOMo)
 61733 | Depths:1 | Found a snail-covered altar of Cheibriados.
 61841 | Depths:1 | Reached skill level 5 in Air Magic
 61895 | Depths:1 | Found a gateway to a bazaar.
 62115 | Bazaar   | Entered a bazaar
 62115 | Bazaar   | Found Rek Niuc's Antique Armour Shop.
 62115 | Bazaar   | Found Sock's Distillery.
 62134 | Bazaar   | Bought a slimy kite shield for 304 gold pieces
 62134 | Bazaar   | Identified the +0 kite shield of Polytheism {rF+ Str+2
                  | Int+4} (You bought it in a shop in a bazaar)
 62145 | Bazaar   | Found Woan Torch's Antique Weapon Shop.
 62190 | Bazaar   | Bought a potion of brilliance for 48 gold pieces
 62190 | Bazaar   | Bought a potion of berserk rage for 60 gold pieces
 62190 | Bazaar   | Bought 2 potions of curing for 72 gold pieces
 62190 | Bazaar   | Bought a potion of curing for 36 gold pieces
 62190 | Bazaar   | Bought a potion of haste for 120 gold pieces
 62190 | Bazaar   | Bought a potion of haste for 120 gold pieces
 62190 | Bazaar   | Bought a potion of heal wounds for 60 gold pieces
 62190 | Bazaar   | Bought a potion of might for 48 gold pieces
 62190 | Bazaar   | Bought a potion of mutation for 96 gold pieces
 62190 | Bazaar   | Bought a potion of mutation for 96 gold pieces
 62264 | Depths:1 | Learned a level 5 spell: Blade Hands
 62523 | Depths:1 | Found a gateway to Hell.
 62533 | Depths:1 | Reached skill level 10 in Transmutations
 63346 | Elf:1    | Entered Level 1 of the Elven Halls
 63837 | Elf:1    | Reached skill level 10 in Air Magic
 63946 | Elf:1    | Found a portal to a secret trove of treasure.
 63952 | Elf:1    | Reached XP level 20. HP: 129/147 MP: 21/34
 64319 | Elf:1    | Got Gorad's Collected Works on Creation
 64567 | Elf:1    | Identified the +11 long sword of the Lesser Evil {vorpal,
                  | Str+5}
 65102 | D:15     | Bought a scroll of teleportation for 51 gold pieces
 65188 | D:13     | Killed Jiziv's ghost
 65347 | Depths:1 | Killed BigDaddyOpFi's ghost
 65462 | Depths:1 | Identified the +7 lajatang of Plague {spect, rCorr Dex+4}
 65536 | Hell     | Entered the Vestibule of Hell
 65536 | Hell     | Noticed Geryon
 65612 | Depths:1 | Slain by a searing wretch

Illustrated notes

Levels and vault maps discovered:
D:1:      minmay_arrival_stair_chambers, layout_rooms,
          hellmonk_ecumenical_altar_pennies_from_heaven, minmay_3d_cube
D:2:      layout_loops_ring, basic_altar, uniq_sigmund
D:3:      layout_rooms, uniq_robin
D:4:      layout_cave_pools, minmay_temple_entry_antechambers
D:5:      layout_loops_corners, minmay_manual_monstrance, uniq_edmund
D:6:      layout_basic, serial_corexii_hall, corexii_hall_statues_i,
          chequers_hall_statues_wall_a, st_stairs_3, uniq_menkaure
D:7:      minmay_the_grid_triangle_9x9_rhombus_thin
          [minmay_the_grid_triangle_9x9_windchime,
          minmay_the_grid_triangle_9x9_prize_schism,
          minmay_the_grid_triangle_9x9_alien,
          minmay_the_grid_triangle_9x9_flanged_cone], layout_gridville,
          kennysheep_generic_room_9
D:8:      layout_loops_ring, lemuel_crystal_altar,
          eino_small_chamber_without_monster
D:9:      layout_basic, kennysheep_mini_moat, serial_bayou_lagoon_a,
          minmay_misc_feat_secret_circle, nzn_sisyphean_effort, uniq_erica
D:10:     layout_roguey, chequers_temple_overflow_statue_of_worship,
          dpeg_lair_monsters, uniq_sonja
D:11:     layout_basic, minmay_bent
D:12:     layout_irregular_city, orc_0_dummy, kennysheep_generic_room_16
D:13:     layout_big_octagon, serial_shops, nicolae_stop_n_shop_2,
          ebering_ghost_reflecting_pool, st_stairs_14,
          nicolae_tso_carved_into_rock, uniq_jorgrun
D:14:     wad_crossroads, layout_irregular_city, grunt_vaults_entry_fortified,
          hangedman_ru_absence, st_stairs_11,
          minmay_guarded_unrand_wrath_of_trog, uniq_agnes
D:15:     grunt_enter_depths_magical_seal, layout_loops_ring,
          portal_ice_cave_entry_ice_statue_two, serial_shops, shop_fountains
Temple:   eino_temple_scatter_basement
Lair:1:   layout_misc_corridors, basic_altar, special_room [special_room_bee]
Lair:2:   layout_loops_ring, nicolae_spider_entry_tight_spaces,
          fungi_pond_lemuel
Lair:3:   layout_cave_pods, nicolae_swamp_entry_splash_gauntlet,
          infiniplex_staircase_pool, lemuel_fruit_tree
Lair:4:   layout_gridlike, grunt_megastairs_2
Lair:5:   layout_cave_shapes, chequers_serial_rivers_micro_e, uniq_urug
Lair:6:   evilmike_catoblepas_cave, layout_misc_corridors,
          minmay_slime_entry_pillars, gauntlet_entry_generic,
          nicolae_lair_yak_garden
Swamp:1:  layout_basic_swamp, evilmike_swamp_ruin_house_4, uniq_josephine
Swamp:2:  layout_falls_marsh, evilmike_swamp_ruin_house_1
Swamp:3:  layout_basic_swamp, hangedman_swamp_blocks,
          infiniplex_staircase_pool_2, uniq_bai_suzhen
Swamp:4:  swamp_icy, layout_basic_swamp, uniq_louise
Spider:1: cheibrodos_spider_silkery, nicolae_spider_eight_legs
Spider:2: layout_spider_delve, uniq_azrael, uniq_kirke
Spider:3: layout_cave_pods
Spider:4: floodkiller_spider_rune_tomb
Orc:1:    layout_caves, serial_shops, shop_coins
Orc:2:    grunt_orc_cross, layout_caves
Elf:1:    eino_elf_arrival_the_gate, layout_geoelf_octagon,
          nicolae_trove_entry_free_sample, minmay_elf_demonology, minivault_16
Depths:1: layout_cave_shapes, nicolae_figureground_sparkle,
          grunt_hell_entry_dis_mu, serial_shops, bzr_in_the_mist,
          muffindrake_ghost_dead_mans_drink, hellmonk_bongcloud_opening,
          hangedman_decor_lopped, cheibriados_altar_1
Hell

Skill      XL: |  1  2  3  4  5  6  7  8  9 10 11 12 13 14 15 16 17 18 19 20 |
---------------+-------------------------------------------------------------+-----
Stealth        | 1 2 3 4 5 10 | 10.0
Fighting       | 2 3 4 5 6 8 9 10 12 13 14 15 16 | 16.0
Poison Magic   | 1 2 |  2.0
Unarmed Combat | 5 6 7 9 10 13 14 15 17 18 20 21 22 | 22.0
Transmutations | 3 4 5 6 9 10 | 10.0
Spellcasting   | 3 4 5 6 8 9 10 | 10.0
Dodging        | 3 4 5 6 7 10 | 10.0
Ice Magic      | 2 4 |  4.0
Translocations | 2 7 9 10 11 12 | 12.0
Evocations     | 5 |  5.0
Air Magic      | 10 14 | 14.6

Action                   |  1- 3 |  4- 6 |  7- 9 | 10-12 | 13-15 | 16-18 | 19-21 || total
-------------------------+-------+-------+-------+-------+-------+-------+-------++-------
Melee: Unarmed           |    14 |    64 |   254 |   465 |  1044 |  1376 |   628 ||  3845
       Kick              |    13 |    18 |     1 |     1 |       |       |       ||    33
       Constrict         |    18 |    15 |     2 |     1 |       |       |       ||    36
       Tentacles         |    14 |    13 |     2 |     4 |       |       |       ||    33
       Dagger            |    45 |    54 |       |       |       |       |       ||    99
       Punch             |     1 |     1 |       |       |       |       |     4 ||     6
       Staff             |       |       |     6 |       |       |       |       ||     6
       Short sword       |       |       |       |    12 |     5 |     6 |       ||    23
       Quarterstaff      |       |       |       |       |       |       |     2 ||     2
 Cast: Beastly Appendage |    24 |    18 |     1 |     1 |       |       |       ||    44
       Spider Form       |       |    20 |    41 |    37 |     6 |       |       ||   104
       Ice Form          |       |       |     4 |    50 |   151 |   150 |    44 ||   399
       Blink             |       |       |       |     2 |     1 |    12 |     1 ||    16
       Manifold Assault  |       |       |       |       |   422 |   743 |   338 ||  1503
       Teleport Other    |       |       |       |       |       |     1 |       ||     1
       Storm Form        |       |       |       |       |       |       |    12 ||    12
       Blade Hands       |       |       |       |       |       |       |     3 ||     3
       Apportation       |       |       |       |       |       |       |     1 ||     1
Invok: Potion Petition   |       |       |       |     3 |     2 |     5 |     1 ||    11
       Call Merchant     |       |       |       |       |       |       |     2 ||     2
 Abil: End Transformatio |       |       |     2 |     9 |     2 |    22 |     8 ||    43
       Blinkbolt         |       |       |       |       |       |       |     2 ||     2
Evoke: Wand              |       |       |     4 |     7 |     3 |     1 |       ||    15
       Piece from Xom's  |       |       |       |       |       |     4 |       ||     4
  Use: Scroll            |       |       |     3 |     9 |    12 |     4 |       ||    28
       Potion            |       |       |       |       |     4 |     1 |     5 ||    10
 Stab: Sleeping          |     7 |    10 |     9 |     5 |     7 |     1 |       ||    39
       Distracted        |       |       |     1 |     5 |     2 |       |     1 ||     9
       Paralysed         |       |       |       |     3 |       |       |       ||     3
       Invisible         |       |       |       |       |     2 |       |       ||     2
Armor: Skin              |     4 |     8 |    13 |    39 |    62 |    76 |     9 ||   211
Dodge: Dodged            |    36 |    72 |   205 |   338 |   398 |   417 |    87 ||  1553

Table legend: (Time is in decaauts)
 A = Elapsed time spent in this place.
 B = Non-inter-level travel time spent in this place.
 C = Inter-level travel time spent in this place.
 D = Time resting spent in this place.
 E = Time spent auto-exploring this place.
 F = Levels seen in this place.
 G = Mean time per level.
                   A        B        C        D        E       F      G
               +--------+--------+--------+--------+--------+-----+--------+
         Total |  64939 |  58214 |   6725 |  25652 |  14192 |  37 | 1755.1 |
       Dungeon |  26432 |  22618 |   3814 |   8686 |   7360 |  15 | 1762.1 |
        Temple |    205 |    179 |     26 |      0 |    122 |   1 |  205.0 |
          Lair |  17557 |  16001 |   1556 |   8949 |   2887 |   6 | 2926.2 |
         Swamp |   4564 |   4117 |    447 |   1734 |    852 |   4 | 1141.0 |
   Spider Nest |   7562 |   7288 |    274 |   3032 |   1322 |   4 | 1890.5 |
  Orcish Mines |   3921 |   3453 |    468 |   2139 |    441 |   2 | 1960.5 |
   Elven Halls |   1273 |   1238 |     35 |    157 |    647 |   1 | 1273.0 |
        Depths |   1613 |   1509 |    104 |    210 |    561 |   1 | 1613.0 |
          Hell |     17 |     17 |      0 |      0 |      0 |   1 |   17.0 |
        Bazaar |     91 |     91 |      0 |      0 |      0 |   1 |   91.0 |
      Ice Cave |   1699 |   1699 |      0 |    744 |      0 |   1 | 1699.0 |
               +--------+--------+--------+--------+--------+-----+--------+

Top non-repeatable levels by time:
  Lair:2: 3929 daAuts
  Lair:3: 3376 daAuts
     D:7: 3131 daAuts
  Lair:5: 3058 daAuts
  Lair:6: 3011 daAuts
    D:12: 2617 daAuts
   Orc:1: 2579 daAuts
  Lair:4: 2490 daAuts
    D:10: 2383 daAuts
    D:14: 2078 daAuts
Spider:1: 2070 daAuts
     D:9: 2003 daAuts
Spider:3: 1986 daAuts
    D:13: 1959 daAuts
Spider:4: 1861 daAuts
